 Dungeon Crawl Stone Soup version 0.25.1-2-g60ff931df9 (webtiles) character file.

Game seed: 5870839536496670025

2041 Johnny the Geomancer (level 8, -4/57 HPs)
             Began as a Demigod Earth Elementalist on Oct 22, 2020.
             Hit by a boomerang thrown by an orc warrior (18 damage)
             ... on level 6 of the Dungeon.
             The game lasted 00:08:19 (8612 turns).

Johnny the Geomancer (Demigod Earth Elementalist)   Turns: 8612, Time: 00:08:20

Health: -4/57      AC:  4    Str: 11    XL:     8   Next: 74%
Magic:  8/20       EV: 16    Int: 23    God:
Gold:   249        SH:  0    Dex: 16    Spells: 5/18 levels left

rFire    . . .     SeeInvis .   v - +3 halberd (venom)
rCold    . . .     Gourm    .   (shield currently unavailable)
rNeg     . . .     Faith    .   c - +0 robe
rPois    .         Spirit   .   s - +2 hat
rElec    .         Reflect  .   (no cloak)
rCorr    .         Harm     .   (no gloves)
MR       .....     Rnd*Tele +   (no boots)
Stlth    ++........             (no amulet)
HPRegen  0.19/turn              p - +4 ring of evasion
MPRegen  0.17/turn              B - ring of teleportation (curse)

@: lightly drained
A: high mp 1
a: no special abilities


You were on level 6 of the Dungeon.
You were not hungry.

You visited 1 branch of the dungeon, and saw 6 of its levels.
You also visited: Ossuary.

You collected 249 gold pieces.

Inventory:

Hand Weapons
 v - a +3 halberd of venom (weapon)
Missiles
 b - 107 stones (quivered)
Armour
 c - a +0 robe (worn)
 s - a +2 hat (worn)
Jewellery
 p - a +4 ring of evasion (left hand)
 x - an uncursed ring of see invisible
 B - a cursed ring of teleportation (right hand)
 C - an uncursed ring of stealth {unknown}
Wands
 n - a wand of iceblast (4)
 u - a wand of disintegration (16)
 y - a wand of flame (12)
Scrolls
 a - a scroll of blinking
 f - 2 scrolls of enchant armour
 g - 2 scrolls of magic mapping
 l - a scroll of summoning
 m - a scroll of noise
 r - 3 scrolls of teleportation
 t - a scroll of amnesia {unknown}
 D - a scroll of holy word {unknown}
 E - a scroll of immolation {unknown}
 J - a scroll of fog {unknown}
Potions
 e - a potion of heal wounds {unknown}
 h - 3 potions of lignification {unknown}
 i - 3 potions of stabbing {unknown}
 j - 2 potions of ambrosia
 k - 7 potions of degeneration {unknown}
 o - 4 potions of curing {unknown}
 q - a potion of cancellation {unknown}
 w - 4 potions of flight {unknown}
 z - 2 potions of resistance {unknown}
 A - 2 potions of haste {unknown}
 F - a potion of might {unknown}
 G - 3 potions of mutation {unknown}
 H - a potion of berserk rage {unknown}
 I - 2 potions of magic {unknown}
Comestibles
 d - 11 rations


   Skills:
 - Level 1.7(1.4) Dodging
 - Level 1.7(1.4) Stealth
 + Level 5.9(5.6) Spellcasting
 - Level 0.8(0.5) Transmutations
 * Level 9.3(9.0) Earth Magic


You had 5 spell levels left.
You knew the following spells:

 Your Spells              Type           Power        Failure   Level  Hunger
a - Sandblast             Erth           #####.       1%          1    None
b - Stone Arrow           Conj/Erth      ####..       4%          3    ##.....
c - Lee's Rapid Deconstr  Erth           #####.....   6%          5    #####..
d - Petrify               Tmut/Erth      ####....     12%         4    ####...

Your spell library contained the following spells:

 Spells                   Type           Power        Failure   Level  Hunger
 Passwall                 Tmut/Erth      ####....     1%          2    None


Dungeon Overview and Level Annotations

Branches:
Dungeon (6/15)             Temple (0/1) D:5         Ossuary (visited)

Shops:
D:5 :   D:6 *


Innate Abilities, Weirdness & Mutations

You have an increased reservoir of magic. (+10% MP)


Message History

* * * LOW HITPOINT WARNING * * *
Casting: Stone Arrow (dangerous; 4% risk of failure)
Confirm with . or Enter, or press ? or * to list all spells.
Aiming: Stone Arrow (dangerous; 4% risk of failure)
Press: ? - help, Shift-Dir - straight line, f - orc wizard
Aim: an orc wizard, wielding a +0 dagger and wearing a +0 robe (fast)
The stone arrow misses the orc wizard.
The orc wizard mumbles some strange words.
The orc wizard blinks!
An orc warrior comes into view.
It is wielding a +6 scimitar of draining.
Casting: Stone Arrow (dangerous; 4% risk of failure)
Confirm with . or Enter, or press ? or * to list all spells.
Aiming: Stone Arrow (dangerous; 4% risk of failure)
Press: ? - help, Shift-Dir - straight line, f/p - orc wizard
Aim: an orc wizard, wielding a +0 dagger and wearing a +0 robe (fast)
The stone arrow hits the orc wizard.
The orc wizard is heavily wounded.
The orc priest miscasts a cantrip.
The orc warrior throws a boomerang.
The boomerang hits you!!
You die...

..........#.........#...####.....
#........ #.........#..).# ##....
........ ##..#...........###.....
.....#.. #...........##).......#.
.....##.##..........##.....#.....
.....##..#...........###..###
.....##..................##§##
#.....[................)##z..##
#..............$@§.....##..M..#
##.........###..#.....#####M#####
#.........###...##)o.....zY......
#.........##....#.oo$...#####....
..........##..###........####....
.........##... #[.#.....)..#....
..........##......###....)#......
..........#.....#. #............
.....##.....# .## #............


You could see an orc warrior, an orc priest and an orc wizard (fast).

Vanquished Creatures
  An oklob plant (D:2)
  Grinder (D:3)
  Sigmund (D:3)
  A sky beast (D:6)
  A black bear (D:6)
  A phantom (D:4)
  A scorpion (D:4)
  4 wights
  A crimson imp (D:5)
  2 hounds (D:4)
  2 human zombies (Ossuary)
  2 orc priests
  A centaur zombie (Ossuary)
  2 orc wizards (D:5)
  Jessica (D:3)
  Terence (D:2)
  Ijyb (D:5)
  Natasha (thrice) (D:3)
  3 worker ants (D:4)
  A hound skeleton (D:2)
  3 mummies
  Robin (D:2)
  4 gnolls (D:3)
  5 adders
  A shadow imp (D:5)
  An adder skeleton (D:6)
  4 worms
  A dart slug (D:1)
  3 leopard geckos
  15 orcs
  7 giant cockroaches
  A gnoll zombie (Ossuary)
  17 goblins
  10 hobgoblins
  9 jackals
  5 quokkas
  2 ball pythons
  9 bats
  3 frilled lizards (D:3)
  2 goblin zombies (Ossuary)
  4 kobolds
  A kobold zombie (Ossuary)
  An orc zombie (Ossuary)
  6 rats
  A fungus (D:2)
  A plant (D:2)
148 creatures vanquished.

Notes
Turn   | Place    | Note
-------+----------+-------------------------------------------
     0 | D:1      | Johnny the Demigod Earth Elementalist began the quest for
                  | the Orb.
     0 | D:1      | Reached XP level 1. HP: 14/14 MP: 5/5
   448 | D:1      | Reached skill level 3 in Earth Magic
   769 | D:1      | Reached XP level 2. HP: 17/20 MP: 7/7
  1776 | D:2      | Noticed Robin
  1857 | D:2      | Reached XP level 3. HP: 19/26 MP: 3/8
  2327 | D:2      | Reached skill level 4 in Earth Magic
  2331 | D:2      | Killed Robin
  2620 | D:2      | Reached XP level 4. HP: 23/33 MP: 10/10
  3185 | D:2      | Found a blossoming altar of Fedhas.
  3196 | D:2      | You fall into a shaft and drop 2 floors!
  3319 | D:5      | Entered Level 5 of the Dungeon
  3714 | D:5      | Found Wemeq's Book Shoppe.
  3737 | D:5      | Reached XP level 5. HP: 38/38 MP: 8/12
  3750 | D:5      | Reached skill level 5 in Earth Magic
  3840 | D:5      | Found a staircase to the Ecumenical Temple.
  3858 | D:5      | Noticed Ijyb
  3866 | D:5      | Killed Ijyb
  4247 | D:5      | Found a hazy altar of Hepliaklqana.
  4682 | D:5      | Found a glowing golden altar of the Shining One.
  4684 | D:5      | Found a basalt altar of Yredelemnul.
  4684 | D:5      | Found a sparkling altar of Nemelex Xobeh.
  4686 | D:5      | Found a shimmering altar of Xom.
  4686 | D:5      | Found a radiant altar of Vehumet.
  4686 | D:5      | Found an ornate altar of the Wu Jian Council.
  4736 | D:4      | Reached XP level 6. HP: 36/45 MP: 10/14
  5136 | D:4      | Reached skill level 6 in Earth Magic
  5484 | D:4      | Found a glowing silver altar of Zin.
  5808 | D:4      | Learned a level 3 spell: Stone Arrow
  5814 | D:4      | Learned a level 5 spell: Lee's Rapid Deconstruction
  5819 | D:4      | Learned a level 4 spell: Petrify
  5846 | D:3      | Reached XP level 7. HP: 50/50 MP: 13/16
  6052 | D:3      | Noticed Grinder
  6103 | D:3      | Noticed Sigmund
  6105 | D:3      | Killed Grinder
  6105 | D:3      | Reached skill level 7 in Earth Magic
  6108 | D:3      | Noticed Natasha
  6109 | D:3      | Killed Sigmund
  6113 | D:3      | Killed Natasha
  6252 | D:3      | Noticed Jessica
  6256 | D:3      | Killed Jessica
  6473 | D:3      | Noticed Natasha
  6479 | D:3      | Killed Natasha
  6503 | D:3      | Noticed Natasha
  6507 | D:3      | Killed Natasha
  6817 | D:2      | Noticed Terence
  6822 | D:2      | Killed Terence
  7011 | D:2      | Noticed an oklob plant
  7138 | D:2      | Killed an oklob plant
  7138 | D:2      | Reached skill level 5 in Spellcasting
  7138 | D:2      | Reached skill level 8 in Earth Magic
  7138 | D:2      | Reached XP level 8. HP: 57/57 MP: 3/19
  7402 | D:6      | Found a sand-covered staircase.
  7408 | Ossuary  | Entered an ossuary
  8082 | D:6      | Found Veikatah's Lightly-Used Armoury.
  8102 | D:6      | Reached skill level 9 in Earth Magic
  8227 | D:6      | Found an ancient bone altar of Kikubaaqudgha.
  8612 | D:6      | Hit by a boomerang thrown by an orc warrior

Illustrated notes

Levels and vault maps discovered:
D:1:      lightli_molten_gateway, layout_basic
D:2:      layout_basic, tgw_fedhas, uniq_robin, uniq_terence
D:3:      layout_basic, uniq_grinder, uniq_jessica, uniq_natasha, uniq_sigmund
D:4:      layout_cave_pools, zin_scriptorium, serial_park_tiny_pond,
          kennysheep_small_circle
D:5:      layout_basic, lemuel_crystal_altar, doesnt_xom_only_xom,
          minmay_temple_entry_glassed_door, first_ration, serial_shops, shop,
          uniq_ijyb
D:6:      layout_cave_pools, grunt_temple_overflow_bloody_war, kennysheep_mini,
          gup_ossuary_entry_pyramid, minmay_shop_damaged

Skill      XL: |  1  2  3  4  5  6  7  8 |
---------------+-------------------------+-----
Earth Magic    | 3 4 5 6 8 9 |  9.3
Spellcasting   | 2 3 4 5 |  5.9
Dodging        | |  1.7
Stealth        | |  1.7
Transmutations | |  0.8

Action                   |  1- 3 |  4- 6 |  7- 9 || total
-------------------------+-------+-------+-------++-------
Melee: Unarmed           |    17 |       |       ||    17
       Mace              |    55 |    49 |       ||   104
       War axe           |       |    54 |     5 ||    59
       Halberd           |       |       |   105 ||   105
 Cast: Sandblast         |    39 |    66 |    12 ||   117
       Stone Arrow       |       |       |    30 ||    30
       Lee's Rapid Decon |       |       |     1 ||     1
       Petrify           |       |       |     1 ||     1
Evoke: Wand              |       |       |    14 ||    14
  Use: Potion            |       |     1 |       ||     1
       Scroll            |       |     5 |    11 ||    16
 Stab: Sleeping          |     6 |     4 |     4 ||    14
       Distracted        |       |     2 |     1 ||     3
  Eat: Chunk             |     5 |    11 |     6 ||    22
       Ration            |       |       |     1 ||     1
Armor: Robe              |    25 |    45 |     9 ||    79
Dodge: Dodged            |    86 |   130 |    73 ||   289
